AAA
RICHMOND RAMS @ FLAGSTAFF FLYERS
07/13/2060
 
TOP OF THE 1ST
Richmond Rams batting - Pitching for Flagstaff Flyers : RHP Kethan Chavchavadze
Pitching: RHP Kethan Chavchavadze
Batting: RHB Ken Daly 0-0: SINGLE (Line Drive, 4D, EV 96.2 MPH)
Batting: SHB Seth Estee 0-0: Foul Ball, location: 2F
0-1: Ball
1-1: Called Strike
1-2: Ball
2-2: Ball
3-2: Fly out, F7 (Flyball, 7D, EV 83.1 MPH)
Batting: RHB Louis Hockney 0-0: Called Strike
0-1: Foul Ball, location: 2F
0-2: Ball
Ken Daly is caught stealing 2nd base 2-4
1-2: Foul Ball, location: 2F
1-2: Ball
2-2: Ground out 6-3 (Groundball, 6, EV 78.1 MPH)
Top of the 1st over - 0 runs, 1 hit, 0 errors, 0 left on base; Richmond 0 - Flagstaff 0
BOTTOM OF THE 1ST
Flagstaff Flyers batting - Pitching for Richmond Rams : RHP Edmund Clinton
Pitching: RHP Edmund Clinton
Batting: SHB Josiah Swallow 0-0: Called Strike
0-1: Ball
1-1: Ball
2-1: Foul Ball, location: 2F
2-2: Ball
3-2: Fly out, F8 (Flyball, 8LXD, EV 91.2 MPH)
Batting: RHB Timon Angeles 0-0: SINGLE (Line Drive, 78M, EV 85.0 MPH)
Batting: LHB Vinnie Ballew 0-0: Called Strike
Timon Angeles steals 2nd base (no throw)
0-1: Ball
1-1: Ball
2-1: Ball
3-1: 2-RUN HOME RUN (Flyball, 8RXD, EV 108.1 MPH), Distance : 454 ft
Batting: RHB Scott McDonald 0-0: Fly out, F7 (Flyball, 7D, EV 95.0 MPH)
Batting: LHB Shawn Tuttle 0-0: Foul Ball, location: 2F
0-1: Swinging Strike
0-2: Strikes out swinging
Bottom of the 1st over - 2 runs, 2 hits, 0 errors, 0 left on base; Richmond 0 - Flagstaff 2
TOP OF THE 2ND
Richmond Rams batting - Pitching for Flagstaff Flyers : RHP Kethan Chavchavadze
Batting: RHB Jaime Herring 0-0: Ball
1-0: Called Strike
1-1: Foul Ball, location: 2F
1-2: Foul Ball, location: 2F
1-2: Strikes out swinging
Batting: LHB Evan Wilson 0-0: Swinging Strike
0-1: Ball
1-1: Ground out 5-3 (Groundball, 56, EV 85.6 MPH)
Batting: RHB Joey Shelton 0-0: Called Strike
0-1: Ball
1-1: Ball
2-1: Ball
3-1: Foul Ball, location: 2F
3-2: Base on Balls
Batting: RHB Linton Makepeace 0-0: Called Strike
0-1: Ball
1-1: Swinging Strike
1-2: Strikes out swinging
Top of the 2nd over - 0 runs, 0 hits, 0 errors, 1 left on base; Richmond 0 - Flagstaff 2
BOTTOM OF THE 2ND
Flagstaff Flyers batting - Pitching for Richmond Rams : RHP Edmund Clinton
Batting: RHB Oscar McKinney 0-0: Called Strike
0-1: Foul Ball, location: 2F
0-2: Strikes out looking
Batting: RHB Cliff Passarelli 0-0: Called Strike
0-1: Ball
1-1: Ball
2-1: Ball
3-1: Swinging Strike
3-2: Foul Ball, location: 2F
3-2: Base on Balls
Batting: SHB Maliik Pettiford 0-0: Ball
1-0: Foul Ball, location: 2F
1-1: Ball
2-1: SINGLE (Groundball, 56D, EV 102.5 MPH)
Cliff Passarelli to second
Batting: RHB James Hill 0-0: Grounds into double play, 5-4-3 (Groundball, 56, EV 90.6 MPH)
Bottom of the 2nd over - 0 runs, 1 hit, 0 errors, 1 left on base; Richmond 0 - Flagstaff 2
TOP OF THE 3RD
Richmond Rams batting - Pitching for Flagstaff Flyers : RHP Kethan Chavchavadze
Batting: LHB Kenny Hillestad 0-0: Ball
1-0: Swinging Strike
1-1: Ball
2-1: Called Strike
2-2: Ball
3-2: Base on Balls
Batting: RHB Zachary Nelson 0-0: Called Strike
0-1: Foul Ball, location: 2F
0-2: Strikes out swinging
Batting: RHB Ken Daly 0-0: Called Strike
0-1: SINGLE (Groundball, 56, EV 101.9 MPH) (infield hit)
Kenny Hillestad to second
Batting: SHB Seth Estee 0-0: Ball
1-0: Foul Ball, location: 2F
1-1: Ball
2-1: Foul Ball, location: 2F
2-2: Ball
3-2: DOUBLE (Line Drive, 7LD, EV 101.9 MPH)
Kenny Hillestad scores
Ken Daly to third
Batting: RHB Louis Hockney 0-0: 3-RUN HOME RUN (Flyball, 7D, EV 99.4 MPH), Distance : 386 ft
Batting: RHB Jaime Herring 0-0: Ball
1-0: Called Strike
1-1: Ball
2-1: Ball
3-1: Ground out 4-3 (Groundball, 34, EV 83.8 MPH)
Batting: LHB Evan Wilson 0-0: Ball
1-0: Ball
2-0: Called Strike
2-1: DOUBLE (Line Drive, 7LM, EV 93.1 MPH)
Batting: RHB Joey Shelton 0-0: Ball
1-0: Foul Ball, location: 2F
1-1: Called Strike
1-2: Ball
2-2: Ball
3-2: Base on Balls
Batting: RHB Linton Makepeace 0-0: Called Strike
0-1: Foul Ball, location: 2F
0-2: Ball
1-2: Strikes out swinging
Top of the 3rd over - 4 runs, 4 hits, 0 errors, 2 left on base; Richmond 4 - Flagstaff 2
BOTTOM OF THE 3RD
Flagstaff Flyers batting - Pitching for Richmond Rams : RHP Edmund Clinton
Batting: SHB Josiah Swallow 0-0: Ball
1-0: Called Strike
1-1: SOLO HOME RUN (Flyball, 9D, EV 96.2 MPH), Distance : 367 ft
Batting: RHB Timon Angeles 0-0: Ball
1-0: Foul Ball, location: 2F
1-1: Called Strike
1-2: Ball
2-2: Ball
3-2: Foul Ball, location: 2F
3-2: Strikes out swinging
Batting: LHB Vinnie Ballew 0-0: Ground out 5-3 (Groundball, 56S, EV 88.8 MPH)
Batting: RHB Scott McDonald 0-0: Swinging Strike
0-1: Called Strike
0-2: Ball
1-2: Fly out, F9 (Line Drive, 89M, EV 99.4 MPH)
Bottom of the 3rd over - 1 run, 1 hit, 0 errors, 0 left on base; Richmond 4 - Flagstaff 3
TOP OF THE 4TH
Richmond Rams batting - Pitching for Flagstaff Flyers : RHP Kethan Chavchavadze
Batting: LHB Kenny Hillestad 0-0: Ball
1-0: Ball
2-0: Ball
3-0: Called Strike
3-1: Swinging Strike
3-2: Strikes out swinging
Batting: RHB Zachary Nelson 0-0: Ball
1-0: Called Strike
1-1: Foul Ball, location: 2F
1-2: Ball
2-2: Foul Ball, location: 2F
2-2: Ground out 5-3 (Groundball, 56S, EV 86.2 MPH)
Batting: RHB Ken Daly 0-0: Swinging Strike
0-1: Swinging Strike
0-2: Foul Ball, location: 2F
0-2: Strikes out swinging
Top of the 4th over - 0 runs, 0 hits, 0 errors, 0 left on base; Richmond 4 - Flagstaff 3
BOTTOM OF THE 4TH
Flagstaff Flyers batting - Pitching for Richmond Rams : RHP Edmund Clinton
Batting: LHB Shawn Tuttle 0-0: Called Strike
0-1: Ball
1-1: Ball
2-1: Called Strike
2-2: Ball
3-2: Strikes out looking
Batting: RHB Oscar McKinney 0-0: Called Strike
0-1: Ball
1-1: Ball
2-1: Foul Ball, location: 2F
2-2: Ground out 1-3 (Groundball, P, EV 74.4 MPH)
Batting: RHB Cliff Passarelli 0-0: Ball
1-0: Called Strike
1-1: Swinging Strike
1-2: DOUBLE (Line Drive, 89M, EV 91.2 MPH)
Batting: SHB Maliik Pettiford 0-0: Called Strike
0-1: Ball
1-1: Foul Ball, location: 2F
1-2: Foul Ball, location: 2F
1-2: SINGLE (Groundball, 56D, EV 103.8 MPH)
Cliff Passarelli to third
Runner from 3rd tries for Home, SAFE, throw by LF to home
Batting: RHB James Hill 0-0: Foul Ball, location: 2F
0-1: Swinging Strike
0-2: Ground out 4-3 (Groundball, 4S, EV 66.2 MPH)
Bottom of the 4th over - 1 run, 2 hits, 0 errors, 1 left on base; Richmond 4 - Flagstaff 4
TOP OF THE 5TH
Richmond Rams batting - Pitching for Flagstaff Flyers : RHP Kethan Chavchavadze
Batting: SHB Seth Estee 0-0: Ball
1-0: Foul Ball, location: 2F
1-1: Foul Ball, location: 2F
1-2: Strikes out swinging
Batting: RHB Louis Hockney 0-0: Called Strike
0-1: Ball
1-1: Swinging Strike
1-2: Foul Ball, location: 2F
1-2: Strikes out swinging
Batting: RHB Jaime Herring 0-0: Fly out, F8 (Line Drive, 8RD, EV 84.4 MPH)
Top of the 5th over - 0 runs, 0 hits, 0 errors, 0 left on base; Richmond 4 - Flagstaff 4
BOTTOM OF THE 5TH
Flagstaff Flyers batting - Pitching for Richmond Rams : RHP Edmund Clinton
Batting: SHB Josiah Swallow 0-0: Foul Ball, location: 2F
0-1: Ball
1-1: Ball
2-1: Called Strike
2-2: Reached on error, E7 (Flyball, 78M, EV 86.9 MPH)
Pitching: RHP Cole Carroll
Batting: RHB Timon Angeles 0-0: Called Strike
Josiah Swallow steals 2nd base
0-1: Ground out U3 (Groundball, 3L, EV 107.5 MPH)
Josiah Swallow to third
Batting: LHB Vinnie Ballew 0-0: Called Strike
0-1: Called Strike
0-2: Foul Ball, location: 2F
0-2: Ball
1-2: Ball
2-2: Strikes out swinging
Batting: RHB Scott McDonald 0-0: Foul Ball, location: 2F
0-1: Ball
1-1: Swinging Strike
1-2: Fly out, F7 (Flyball, 7D, EV 94.4 MPH)
Bottom of the 5th over - 0 runs, 0 hits, 1 error, 1 left on base; Richmond 4 - Flagstaff 4
TOP OF THE 6TH
Richmond Rams batting - Pitching for Flagstaff Flyers : RHP Kethan Chavchavadze
Batting: LHB Evan Wilson 0-0: Called Strike
0-1: Ball
1-1: Ball
2-1: Foul Ball, location: 2F
2-2: SINGLE (Groundball, 6D, EV 98.8 MPH)
Batting: RHB Joey Shelton 0-0: Called Strike
0-1: Bunted foul
0-2: Foul Ball, location: 2F
0-2: Ball
1-2: Ball
2-2: Fly out, F6 (Flyball, 6D, EV 90.0 MPH)
Pitching: RHP Griffin Phillips
Pinch Hitting: LHB Nate Rowell 0-0: Ball
1-0: Ball
Evan Wilson is caught stealing 2nd base 2-6
2-0: Foul Ball, location: 2F
2-1: Fly out, F8 (Flyball, 8LM, EV 91.2 MPH)
Top of the 6th over - 0 runs, 1 hit, 0 errors, 0 left on base; Richmond 4 - Flagstaff 4
BOTTOM OF THE 6TH
Flagstaff Flyers batting - Pitching for Richmond Rams : RHP Cole Carroll
Now in RF: Tommy Dupree
Batting: LHB Shawn Tuttle 0-0: Called Strike
0-1: Ball
1-1: Called Strike
1-2: Strikes out swinging
Batting: RHB Oscar McKinney 0-0: Called Strike
0-1: Foul Ball, location: 2F
0-2: Ball
1-2: Strikes out swinging
Batting: RHB Cliff Passarelli 0-0: Ground out 5-3 (Groundball, 56, EV 82.5 MPH)
Bottom of the 6th over - 0 runs, 0 hits, 0 errors, 0 left on base; Richmond 4 - Flagstaff 4
TOP OF THE 7TH
Richmond Rams batting - Pitching for Flagstaff Flyers : RHP Griffin Phillips
Batting: LHB Kenny Hillestad 0-0: SINGLE (Line Drive, 7S, EV 100.6 MPH)
Batting: RHB Zachary Nelson 0-0: Ball
1-0: Swinging Strike
1-1: Called Strike
1-2: Strikes out looking
Batting: RHB Ken Daly 0-0: Grounds into double play, 6-4-3 (Groundball, 6S, EV 92.5 MPH)
Top of the 7th over - 0 runs, 1 hit, 0 errors, 0 left on base; Richmond 4 - Flagstaff 4
BOTTOM OF THE 7TH
Flagstaff Flyers batting - Pitching for Richmond Rams : RHP Cole Carroll
Batting: SHB Maliik Pettiford 0-0: Ball
1-0: Ball
2-0: Foul Ball, location: 2F
2-1: Ball
3-1: Called Strike
3-2: Foul Ball, location: 2F
3-2: Base on Balls
Batting: RHB James Hill 0-0: Ball
1-0: Ball
2-0: Called Strike
2-1: Foul Ball, location: 2F
2-2: SINGLE (Groundball, 6MD, EV 103.1 MPH)
Maliik Pettiford to second
Runner from 2nd tries for 3rd, SAFE, throw by CF made to third
Batting: SHB Josiah Swallow 0-0: Foul Ball, location: 2F
0-1: Foul Ball, location: 2F
0-2: Ball
1-2: Fly out, F6 (Popup, 6M, EV 60.6 MPH)
Batting: RHB Timon Angeles 0-0: Called Strike
0-1: Called Strike
0-2: Fly out, F7 (Flyball, 7D, EV 105.6 MPH)
Batting: LHB Vinnie Ballew 0-0: Ball
1-0: Ball
2-0: Foul Ball, location: 2F
2-1: Foul Ball, location: 2F
2-2: Foul Ball, location: 2F
2-2: Strikes out looking
Bottom of the 7th over - 0 runs, 1 hit, 0 errors, 2 left on base; Richmond 4 - Flagstaff 4
TOP OF THE 8TH
Richmond Rams batting - Pitching for Flagstaff Flyers : RHP Griffin Phillips
Batting: SHB Seth Estee 0-0: Ball
1-0: Ball
2-0: Swinging Strike
2-1: Foul Ball, location: 2F
2-2: Ball
3-2: Strikes out looking
Batting: RHB Louis Hockney 0-0: Fly out, F6 (Line Drive, 6, EV 71.9 MPH)
Batting: RHB Jaime Herring 0-0: Ground out 1-3 (Groundball, 34S, EV 61.9 MPH)
Top of the 8th over - 0 runs, 0 hits, 0 errors, 0 left on base; Richmond 4 - Flagstaff 4
BOTTOM OF THE 8TH
Flagstaff Flyers batting - Pitching for Richmond Rams : RHP Cole Carroll
Batting: RHB Scott McDonald 0-0: Ball
1-0: Foul Ball, location: 2F
1-1: Foul Ball, location: 2F
1-2: Ball
2-2: Ground out 6-3 (Groundball, 6, EV 107.5 MPH)
Batting: LHB Shawn Tuttle 0-0: Foul Ball, location: 2F
0-1: Ball
1-1: Swinging Strike
1-2: Foul Ball, location: 2F
1-2: Ball
2-2: Ball
3-2: SINGLE (Groundball, 3D, EV 110.0 MPH)
Pitching: RHP Malcolm Schuette
Batting: RHB Oscar McKinney 0-0: Ball
Shawn Tuttle steals 2nd, throwing error, E2
Shawn Tuttle to third
1-0: SINGLE (Groundball, 6M, EV 95.6 MPH)
Shawn Tuttle scores
Batting: RHB Cliff Passarelli 0-0: Ball
1-0: Called Strike
1-1: Ball
2-1: Swinging Strike
2-2: SINGLE (Flyball, 7S, EV 87.5 MPH)
Oscar McKinney to second
Batting: SHB Maliik Pettiford 0-0: Fly out, F8 (Flyball, 8LXD, EV 97.5 MPH)
Batting: RHB James Hill 0-0: Ball
1-0: Ball
2-0: Foul Ball, location: 2F
2-1: Called Strike
2-2: Fly out, F8 (Flyball, 78M, EV 73.1 MPH)
Bottom of the 8th over - 1 run, 3 hits, 1 error, 2 left on base; Richmond 4 - Flagstaff 5
TOP OF THE 9TH
Richmond Rams batting - Pitching for Flagstaff Flyers : RHP Griffin Phillips
Pitching: RHP Weston Pilling
Now in LF: Jayden Sigmon
Now in CF: Maliik Pettiford
Now in RF: Josiah Swallow
Batting: LHB Evan Wilson 0-0: Ball
1-0: SINGLE (Groundball, 34D, EV 103.8 MPH)
Batting: RHB Joey Shelton 0-0: Ball
1-0: Bunted foul
1-1: Ball
2-1: Bunt missed!
2-2: Ball
3-2: Base on Balls
Evan Wilson to second
Pinch Hitting: LHB Isaac Pierce 0-0: Ball
1-0: Called Strike
1-1: Foul Ball, location: 2F
1-2: Strikes out swinging
Batting: LHB Kenny Hillestad 0-0: Ball
1-0: 3-RUN HOME RUN (Flyball, 7D, EV 98.8 MPH), Distance : 389 ft
Batting: RHB Zachary Nelson 0-0: SINGLE (Groundball, 4MD, EV 97.5 MPH)
Batting: RHB Ken Daly 0-0: Called Strike
0-1: Foul Ball, location: 2F
0-2: Ball
1-2: Foul Ball, location: 2F
1-2: Fly out, F9 (Flyball, 9D, EV 94.4 MPH)
Batting: SHB Seth Estee 0-0: Swinging Strike
0-1: Called Strike
0-2: Ball
1-2: Ball
2-2: Foul Ball, location: 2F
2-2: Ball
3-2: Strikes out swinging, 2-3 out at first.
Top of the 9th over - 3 runs, 3 hits, 0 errors, 1 left on base; Richmond 7 - Flagstaff 5
BOTTOM OF THE 9TH
Flagstaff Flyers batting - Pitching for Richmond Rams : RHP Malcolm Schuette
Pitching: RHP Maverick Rioux
Now at 1B: Isaac Pierce
Now in RF: Ken Daly
Batting: SHB Josiah Swallow 0-0: Called Strike
0-1: Called Strike
0-2: Foul Ball, location: 2F
0-2: Strikes out swinging
Pinch Hitting: LHB Billy Jensen 0-0: Foul Ball, location: 2F
0-1: Swinging Strike
0-2: Strikes out swinging
Batting: LHB Jayden Sigmon 0-0: Called Strike
0-1: Called Strike
0-2: Foul Ball, location: 2F
0-2: Fly out, F9 (Flyball, 89M, EV 85.0 MPH)
Bottom of the 9th over - 0 runs, 0 hits, 0 errors, 0 left on base; Richmond 7 - Flagstaff 5
Friday, May 17th , 2024 - OOTP Baseball 23.10 Build 110